 Dungeon Crawl Stone Soup version 0.24-a0-581-gc0fa6600bf (webtiles) character file.

Game seed: 15066143278320106636

17 Eightlegvermin the Vexing (level 2, 0/16 HPs)
             Began as a Kobold Arcane Marksman on Aug 23, 2019.
             Hit by a stone thrown by a hobgoblin (2 damage)
             ... on level 1 of the Dungeon.
             The game lasted 00:05:20 (842 turns).

Eightlegvermin the Vexing (Kobold Arcane Marksman)   Turns: 842, Time: 00:05:20

Health: 0/16       AC:  2    Str:  7    XL:     2   Next: 80%
Magic:  1/3        EV: 15    Int: 14    God:
Gold:   10         SH:  0    Dex: 15    Spells: 2/3 levels left

rFire    . . .     SeeInvis .   c - +0 dagger
rCold    . . .     Gourm    .   (shield restricted)
rNeg     . . .     Faith    .   e - +0 robe
rPois    .         Spirit   .   (no helmet)
rElec    .         Reflect  .   (no cloak)
rCorr    .         Harm     .   (no gloves)
MR       .....                  (no boots)
Stlth    ++........             (no amulet)
HPRegen  0.05/turn              (no ring)
MPRegen  0.08/turn              (no ring)

@: very slightly contaminated
A: small, carnivore
a: no special abilities


You were on level 1 of the Dungeon.
You were not hungry.

You visited 1 branch of the dungeon, and saw 1 of its levels.

You collected 10 gold pieces.

Inventory:

Hand Weapons
 a - a +0 hand crossbow
 c - a +0 dagger (weapon)
Missiles
 d - 19 bolts
Armour
 e - a +0 robe (worn)
Jewellery
 g - an uncursed ring of resist corrosion {unknown}
Scrolls
 b - a scroll of identify {unknown}
 h - a scroll of immolation {unknown}
Comestibles
 f - 2 rations


   Skills:
 - Level 1.1 Fighting
 * Level 1.3 Short Blades
 + Level 2.8 Crossbows
 - Level 2.4 Dodging
 + Level 1.1 Stealth
 - Level 1.1 Spellcasting
 - Level 3.3 Hexes


You had 2 spell levels left.
You knew the following spells:

 Your Spells              Type           Power        Failure   Level  Hunger
a - Corona                Hex            ##.....      7%          1    ##.....

Your spell library contained the following spells:

 Spells                   Type           Power        Failure   Level  Hunger
 Slow                     Hex            ##......     11%         2    ###....
 Inner Flame              Hex/Fire       #.......     36%         3    ####...
 Portal Projectile        Hex/Tloc       #.....       36%         3    ####...
 Cause Fear               Hex            ##........   56%         4    #####..
 Leda's Liquefaction      Hex/Erth       #.........   78%         4    #####..


Dungeon Overview and Level Annotations

Branches:
Dungeon (1/15)

Altars:


Innate Abilities, Weirdness & Mutations

You are small and have problems with some larger weapons.
You are carnivorous and can eat meat at any time.


Message History

Aiming: Corona (safe; 7% risk of failure)
Press: ? - help, Shift-Dir - straight line, f/p - hobgoblin
Aim: a hobgoblin, wielding a +0 club (chance to defeat MR: 63%)
The hobgoblin is outlined in light.
The hobgoblin hits you with a +0 club.
You see here a stone.
You hit the hobgoblin but do no damage. The hobgoblin misses you.
You completely miss the hobgoblin. The hobgoblin barely misses you.
You closely miss the hobgoblin. The hobgoblin hits you with a +0 club.
* * * LOW HITPOINT WARNING * * *
You hit the hobgoblin but do no damage.
The hobgoblin stops glowing.
You hit the hobgoblin.
The hobgoblin is heavily wounded.
The hobgoblin hits you with a +0 club.
* * * LOW HITPOINT WARNING * * *
The hobgoblin throws a stone.
The stone completely misses you.
You see here a stone.
The hobgoblin throws a stone.
The stone closely misses you.
The hobgoblin throws a stone.
The stone hits you.
You die...

⌠.# +.<.# #.###.# #.. ..#
#...# #.# #...###..# #..
'#######'## #.###........###..
..#...#...# #...'.......>.....
..'...÷...# #..##........####.
).#...#...# #..##........#.##.
'#######+## #..##..........##.
..#...# #..##.............
..'.⌠.# #@............####
..#...# #.###.........#
################.# #.........#
...............#(###(........#
.#############.#.g('.........#
.#.#.........#.#####(........#
.#....######.#........#.######
.#.#.........########...#
.#.############# #####


You could see a hobgoblin.

Vanquished Creatures
  2 dart slugs (D:1)
  A leopard gecko (D:1)
  2 goblins (D:1)
  2 hobgoblins (D:1)
  3 kobolds (D:1)
  2 rats (D:1)
12 creatures vanquished.

Notes
Turn   | Place    | Note
-------+----------+-------------------------------------------
     0 | D:1      | Eightlegvermin the Kobold Arcane Marksman began the quest
                  | for the Orb.
     0 | D:1      | Reached XP level 1. HP: 12/12 MP: 2/2
   154 | D:1      | Reached XP level 2. HP: 16/16 MP: 3/3
   354 | D:1      | Reached skill level 1 in Short Blades
   506 | D:1      | Reached skill level 1 in Stealth
   842 | D:1      | Hit by a stone thrown by a hobgoblin

Levels and vault maps discovered:
D:1:      co_arrival_random_square_maze, layout_basic

Skill      XL: |  1  2 |
---------------+-------+-----
Short Blades   | 1 |  1.3
Stealth        | 1 |  1.1
Fighting       | |  1.1
Crossbows      | |  2.8
Dodging        | |  2.4
Spellcasting   | |  1.1
Hexes          | |  3.3

Action                   || total
-------------------------++-------
Melee: Dagger            ||    56
 Fire: Hand crossbow     ||     9
 Cast: Corona            ||    15
  Eat: Chunk             ||     3
Armor: Robe              ||     2
Dodge: Dodged            ||    42

Table legend:
 A = Non-vault XP
 B = Vault XP
 C = Vault XP percentage of total XP
 D = Non-vault monster count
 E = Vault monster count
 F = Vault count percentage of total count
                 A         B        C        D         E       F
            +---------+---------+-------+---------+---------+-------
      Total |      25 |       0 |   0.0 |      12 |       0 |   0.0
            +---------+---------+-------+---------+---------+-------
        D:1 |      25 |       0 |   0.0 |      12 |       0 |   0.0
            +---------+---------+-------+---------+---------+-------
